Map: Echo LE (Void)

Players

Alerrian - Winner!

  • Race: Protoss Protoss
  • League: Bronze

A.I. 1 (Medium)

  • Race: Zerg Zerg

VOD

Have the link to the VOD?

Description

Time

  • Played on: Nov. 26, 2016, 5:09 p.m.
  • Length: 17:45
Show
View Real Time Build Order
Export as new Build Order

Alerrian Protoss - Winner!

Build Orders:  

Get SALT Encoding   

  12  0:04  Probe (Chrono Boost)  
  13  0:15  Probe (Chrono Boost)  
  14  0:39  Pylon  
  14  0:45  Probe (Chrono Boost)  
  14  0:46  Assimilator  
  15  1:09  Gateway  
  15  1:18  Pylon  
  15  1:21  Nexus  
  16  1:25  Probe (Chrono Boost)  
  16  1:39  Probe (Chrono Boost)  
  17  1:54  Zealot  
  17  2:01  Forge  
  20  2:09  Probe (Chrono Boost)  
  20  2:22  Cybernetics Core  
  20  2:32  Protoss Ground Weapons Level 1  
  20  2:40  Photon Cannon  
  20  2:45  Pylon  
  20  3:03  Probe (Chrono Boost)  
  20  3:05  Warp Gate  
  21  3:09  Mothership Core (Chrono Boost)  
  23  3:21  Stalker  
  25  3:29  Probe x2 (Chrono Boost)  
  29  3:41  Probe (Chrono Boost)  
  29  3:42  Probe (Chrono Boost)  
  29  4:04  Photon Cannon  
  29  4:10  Stalker  
  29  4:14  Probe x2 (Chrono Boost)  
  33  4:39  Assimilator  
  33  4:54  Robotics Facility  
  33  4:58  Pylon  
  33  5:06  Probe x2 (Chrono Boost), Assimilator  
  35  5:09  Assimilator  
  35  5:11  Protoss Shields Level 1  
  35  5:56  Robotics Facility  
  35  6:15  Pylon  
  37  6:25  Probe (Chrono Boost)  
  37  6:27  Probe (Chrono Boost)  
  38  6:40  Observer  
  38  6:46  Immortal  
  38  7:05  Photon Cannon  
  38  7:06  Immortal  
  42  7:38  Protoss Ground Armor Level 1  
  42  8:17  Stalker  
  44  8:23  Immortal x2  
  52  8:47  Stalker  
  54  9:08  Gateway  
  53  9:11  Gateway  
  53  9:12  Gateway  
  53  9:19  Probe x2 (Chrono Boost)  
  55  9:32  Stalker  
  57  10:18  Probe (Chrono Boost)  
  59  10:40  Probe (Chrono Boost)  
  60  10:51  Probe (Chrono Boost)  
  60  10:52  Probe (Chrono Boost)  
  61  11:00  Photon Cannon  
  61  11:03  Photon Cannon  
  53  11:21  Pylon  
  53  11:24  Stalker  
  55  11:26  Stalker  
  55  11:27  Stalker x2  
  59  11:35  Immortal x2  
  67  12:12  Pylon  
  67  12:13  Pylon  
  67  12:23  Stalker  
  67  12:24  Stalker  
  67  12:25  Stalker  
  67  12:26  Stalker  
  75  12:47  Photon Cannon  
  75  12:49  Photon Cannon  
  75  12:52  Photon Cannon  
  75  12:54  Photon Cannon  
  73  13:33  Pylon  
  73  13:52  Stalker x2  
  73  13:53  Stalker x2  
  81  14:35  Probe x2 (Chrono Boost)  
  81  14:38  Stalker x3  
  85  14:39  Stalker  
  92  14:47  Probe x2 (Chrono Boost)  
  90  15:02  Sentry x3  
  90  15:03  Sentry  
  90  15:46  Immortal x2  
  90  15:49  Probe x2 (Chrono Boost)  
  100  16:03  Stalker  
  98  17:25  Stalker x2  
Show
View Real Time Build Order
Export as new Build Order

A.I. 1 (Medium) Zerg 

Build Orders: Pool First 

Get SALT Encoding   

  12  0:00  Drone  
  13  0:12  Overlord  
  13  0:16  Drone  
  14  0:30  Drone  
  14  0:33  Drone  
  16  0:42  Spawning Pool  
  15  0:44  Drone  
  15  0:48  Drone  
  17  0:52  Extractor  
  17  0:55  Drone  
  17  1:06  Overlord  
  17  1:29  Queen  
  17  1:31  Zergling x2  
  20  1:35  Roach Warren  
  20  1:36  Zergling x2  
  20  1:38  Drone  
  21  1:40  Extractor  
  20  1:49  Drone  
  20  1:51  Baneling Nest  
  20  2:00  Drone  
  21  2:11  Zergling x2  
  22  2:21  Drone  
  23  2:32  Zergling x2  
  23  2:35  Overlord  
  24  2:37  Zergling x2  
  24  2:42  Zergling x2  
  26  2:47  Zergling x2  
  27  2:52  Baneling x3  
  27  2:54  Zergling x2  
  28  3:05  Zergling x2  
  29  3:10  Zergling x2  
  30  3:15  Zergling x2, Overlord, Baneling  
  31  3:20  Zergling x2, Baneling x2  
  32  3:30  Zergling x2  
  32  3:32  Evolution Chamber  
  32  3:39  Drone  
  33  3:42  Drone  
  33  3:45  Drone  
  33  3:48  Drone  
  36  3:53  Drone  
  37  4:04  Drone  
  38  4:11  Drone  
  39  6:10  Drone, Lair, Overlord  
  40  6:12  Spore Crawler  
  40  6:13  Drone, Spore Crawler  
  40  6:16  Drone, Evolution Chamber  
  39  6:20  Drone  
  39  6:21  Hatchery  
  39  6:23  Drone  
  40  6:29  Overlord  
  40  6:37  Spine Crawler  
  40  6:38  Drone  
  40  6:45  Spine Crawler  
  40  6:46  Drone  
  36  6:48  Baneling  
  30  6:58  Zergling x2  
  29  7:07  Zergling x2, Queen  
  29  7:08  Overseer  
  32  7:09  Overseer  
  32  7:11  Hydralisk Den  
  32  7:12  Drone  
  32  7:13  Spire  
  32  7:14  Drone  
  32  7:16  Zergling x2, Infestation Pit  
  32  7:18  Drone  
  33  7:26  Zergling x2, Baneling  
  33  7:33  Drone  
  33  7:35  Zergling x2  
  33  7:36  Drone  
  36  7:39  Drone, Spore Crawler  
  36  7:41  Spore Crawler  
  36  7:42  Drone  
  36  7:45  Drone  
  36  7:48  Drone  
  38  7:51  Drone  
  38  7:54  Drone  
  38  7:57  Drone  
  41  8:00  Drone  
  41  8:03  Drone  
  43  8:06  Drone  
  43  8:09  Drone  
  43  8:11  Overlord  
  45  8:15  Overseer  
  45  8:16  Drone  
  46  8:22  Drone, Spine Crawler  
  46  8:25  Drone, Mutalisk  
  49  8:29  Drone  
  49  8:33  Drone  
  51  8:35  Spine Crawler  
  51  8:37  Drone  
  51  8:43  Overlord  
  51  8:44  Queen  
  51  8:45  Mutalisk  
  51  8:46  Drone  
  56  8:49  Drone  
  56  8:55  Mutalisk  
  59  9:04  Mutalisk  
  61  9:13  Mutalisk  
  63  9:23  Mutalisk  
  65  9:27  Extractor  
  64  9:31  Extractor  
  63  9:50  Drone  
  64  9:53  Drone  
  64  9:56  Drone  
  64  9:59  Drone  
  67  10:43  Overlord, Roach  
  67  10:44  Pneumatized Carapace, Overseer, Overlord, Metabolic Boost  
  67  10:45  Zerg Melee Weapons Level 1, Burrow, Zerg Ground Armor Level 1  
  67  10:49  Hydralisk  
  69  10:55  Hatchery  
  69  10:56  Roach  
  72  11:03  Overlord, Roach  
  74  11:09  Infestor  
  70  11:15  Hydralisk  
  67  11:22  Roach  
  67  11:28  Hive  
  67  11:29  Roach  
  67  11:35  Roach  
  67  11:41  Infestor  
  69  11:48  Hydralisk  
  71  11:54  Hydralisk  
  73  12:01  Zergling x2  
  73  12:08  Drone, Queen  
  75  12:11  Drone  
  75  12:14  Drone  
  79  12:17  Drone  
  79  12:20  Drone  
  79  12:21  Extractor  
  79  12:22  Spore Crawler  
  79  12:23  Drone  
  79  12:24  Spore Crawler  
  79  12:25  Drone  
  79  12:26  Extractor  
  79  12:28  Drone  
  80  12:31  Drone  
  80  12:34  Drone  
  82  12:37  Drone  
  82  12:39  Zerg Missile Weapons Level 1  
  82  12:40  Drone  
  82  12:42  Ultralisk Cavern, Greater Spire  
  82  12:43  Drone  
  84  12:45  Drone  
  84  12:47  Spine Crawler  
  84  12:48  Drone  
  84  12:49  Spine Crawler  
  84  12:51  Drone  
  84  12:54  Drone  
  84  12:57  Drone  
  87  13:14  Zergling x2, Queen  
  69  13:20  Infestor  
  69  13:23  Drone  
  69  13:25  Overseer  
  69  13:26  Drone  
  63  13:27  Roach  
  63  13:29  Drone  
  63  13:31  Overlord  
  63  13:32  Drone  
  63  13:34  Roach  
  69  13:40  Roach  
  70  13:43  Overseer  
  70  13:45  Spine Crawler  
  70  13:47  Roach  
  67  13:49  Drone, Overlord  
  67  13:52  Drone, Hydralisk  
  67  13:56  Drone  
  67  13:59  Drone, Spire  
  67  14:00  Roach  
  67  14:02  Drone  
  60  14:05  Drone  
  60  14:06  Roach  
  60  14:07  Drone, Overlord  
  63  14:10  Drone  
  63  14:12  Hydralisk, Zerg Melee Weapons Level 2  
  63  14:16  Hydralisk  
  68  14:21  Hydralisk  
  70  14:25  Infestor, Overlord  
  70  14:30  Drone, Zergling x2  
  72  14:33  Zerg Ground Armor Level 2  
  72  14:34  Roach  
  74  14:38  Roach  
  74  14:43  Ravager x4, Hydralisk  
  74  14:44  Overlord  
  82  14:47  Hydralisk  
  78  14:52  Roach  
  78  14:57  Roach  
  71  15:01  Roach  
  71  15:03  Drone  
  71  15:05  Zergling x2  
  62  15:10  Roach  
  62  15:13  Hydralisk  
  61  15:16  Hydralisk  
  51  15:23  Overseer  
  51  15:27  Zergling x2  
  44  15:31  Roach  
  39  15:38  Drone  
  39  15:39  Roach  
  39  15:41  Drone  
  26  15:45  Drone  
  26  15:48  Drone  
  23  15:51  Roach  
  23  15:52  Drone  
  16  15:59  Hatchery  
  16  16:00  Drone  
  12  16:08  Drone  
  10  16:13  Drone, Ravager  
  7  17:11  Drone  
  7  17:13  Drone  
  7  17:14  Drone  
  7  17:15  Drone  
  8  17:16  Drone  
Tags
 
Add a new tag
Caveats
  • Supply blocks, unpowered buildings, or Contaminate may cause inaccurate times.
  • Supply counts are checked every 10 seconds.